 Dungeon Crawl Stone Soup version 0.21.2 (webtiles) character file.

18 tidbits the Sneak (level 2, 4/11 HPs)
             Began as a Felid Enchanter on Dec 1, 2018.
             Quit the game on level 2 of the Dungeon.
             The game lasted 00:04:36 (495 turns).

tidbits the Sneak (Felid Enchanter)                  Turns: 495, Time: 00:04:37

Health: 4/11       AC:  1    Str:  1 (4)  XL:     2   Next: 48%
Magic:  1/5        EV: 18    Int: 13 (16) God:
Gold:   35         SH:  0    Dex: 15 (18) Spells: 2/5 levels left
                                        Lives:  0   Deaths: 0

rFire    . . .     SeeInvis +     - Unarmed
rCold    . . .     Gourm    .   (shield unavailable)
rNeg     . . .     Faith    .   (armour unavailable)
rPois    .         Spirit   .   (helmet unavailable)
rElec    .         Reflect  .   (cloak unavailable)
rCorr    .         Harm     .   (gloves unavailable)
MR       .....                  (boots unavailable)
Stlth    ++++......             (no amulet)
HPRegen  0.03/turn              L - ring of flight
MPRegen  0.09/turn              (no ring)

@: very slightly contaminated, quick
A: very small, no armour, no weapons or thrown items, stealth, claws 1, fangs 3,
camouflage 1, see invisible, agile 1, carnivore, speed 1, low mp 1, shaggy fur
1, slow metabolism 1, sharp paws
a: Evoke Flight


You were on level 2 of the Dungeon.
You were very full.

You visited 1 branch of the dungeon, and saw 2 of its levels.

You collected 35 gold pieces.

Inventory:

Jewellery
 L - a ring of flight (left paw)
   (You found it on level 1 of the Dungeon)
Scrolls
 c - a scroll of teleportation {unknown}
 d - a scroll of enchant weapon {unknown}
 f - a scroll of remove curse {unknown}
Books
 a - a book of Maledictions

   Spells                             Type                      Level
   a - Corona                         Hexes                        1
   b - Ensorcelled Hibernation        Hexes/Ice                    2
   c - Confuse                        Hexes                        3
   d - Tukima's Dance                 Hexes                        3
   e - Dazzling Spray                 Conjuration/Hexes            3
Comestibles
 b - 4 rations


   Skills:
 - Level 2.6 Dodging
 + Level 4.7 Stealth
 + Level 1.9 Unarmed Combat
 - Level 2.0 Spellcasting
 - Level 4.4 Hexes


You had 2 spell levels left.
You knew the following spells:

 Your Spells              Type           Power        Failure   Level  Hunger
a - Corona                Hex            ##.....      4%          1    ##.....
e - Ensorcelled Hibernat  Hex/Ice        #.....       16%         2    ###....


Dungeon Overview and Level Annotations

Branches:
Dungeon (2/15)

Altars:

Annotations:
D:1 exclusion: 3 jackals


Innate Abilities, Weirdness & Mutations

You cannot wear armour.
You are incapable of wielding weapons or throwing items.
Your paws allow you to move quietly. (Stealth)
You have sharp claws.
You have razor-sharp teeth.
You have supernaturally acute eyesight. (SInv)
You are carnivorous and can eat meat at any time.
You cover ground quickly.
You are covered in fur. (AC +1)
You have a slow metabolism.
Your sharp claws are effective at attacking unaware monsters.
Your skin changes colour to match your surroundings (Stealth+).
You are agile. (Dex +2)
Your magical capacity is low. (-10% MP)


Message History

Found a ration.
Casting: Ensorcelled Hibernation
Confirm with . or Enter, or press ? or * to list all spells.
Aiming: Corona
Press: ? - help, Shift-Dir - straight line, f - rat
Aim: a rat (chance to defeat MR: 69%)
The rat barely resists.
You scratch the rat.
The rat is heavily wounded.
The rat closely misses you.
You scratch the rat but do no damage.
The rat is heavily wounded.
The rat bites you.
* * * LOW HITPOINT WARNING * * *
You barely miss the rat.
The rat is heavily wounded.
The rat closely misses you.
You scratch the rat.
You kill the rat!
A rat comes into view.
Found a short sword.
You pounce on the unaware helpless rat!
You claw the rat!
You kill the rat!
A rat comes into view.
You see here a rat corpse.
You see here a short sword.
Unknown command.
The helpless rat fails to defend itself.
You claw the rat!
You kill the rat!
Unknown command.
You see here a rat corpse.
You butcher the rat corpse.
You see here a chunk of flesh.
Eat a chunk of flesh? (ye/n/q)
You eat the chunk of flesh.
This raw flesh tastes great.
You see here a ration.
Unknown command.
b - 4 rations (gained 1) Unknown command.
A kobold comes into view.
Unknown command.
Casting: Corona
Confirm with . or Enter, or press ? or * to list all spells.
Aiming: Ensorcelled Hibernation
Press: ? - help, Shift-Dir - straight line, f - kobold
Aim: a kobold (chance to defeat MR: 57%)
The kobold looks drowsy...
Unknown command.
The helpless kobold fails to defend itself.
You claw the kobold!
You kill the kobold!
Okay, then.
A kobold comes into view.
Unknown command.
Found an escape hatch in the floor.
Found a scroll labeled IXKEBA PAEXON.
Found a ring mail.
Unknown command.
Unknown command.
Unknown command.
You pounce on the unaware helpless kobold!
You mangle the kobold!!
You kill the kobold!
Unknown command.
Unknown command.
You see here a scroll labeled IXKEBA PAEXON.
f - a scroll labeled IXKEBA PAEXON
Found a stone staircase leading down.
Unknown command.
There is a stone staircase leading down here.
You climb downwards.
There is a stone staircase leading up here.
Unknown command.
Unknown command.
Found 9 gold pieces.
You see here 9 gold pieces.
You now have 35 gold pieces (gained 9).
A giant cockroach comes into view.
Casting: Ensorcelled Hibernation
Confirm with . or Enter, or press ? or * to list all spells.
Aiming: Ensorcelled Hibernation
Press: ? - help, Shift-Dir - straight line, f - giant cockroach
Aim: a giant cockroach (clinging, chance to defeat MR: 57%)
The giant cockroach resists with significant effort.
The giant cockroach closely misses you.
Casting: Ensorcelled Hibernation
Confirm with . or Enter, or press ? or * to list all spells.
Aiming: Ensorcelled Hibernation
Press: ? - help, Shift-Dir - straight line, f/p - giant cockroach
Aim: a giant cockroach (clinging, chance to defeat MR: 57%)
You miscast Ensorcelled Hibernation.
You are very lightly contaminated with residual magic.
Nothing appears to happen.
The giant cockroach bites you.
* * * LOW HITPOINT WARNING * * *
It was a potion of degeneration.
There was something very wrong with that liquid.
You feel weakened.
You feel dopey.
You feel clumsy.
The giant cockroach bites you but does no damage.
Are you sure you want to abandon this character and quit the game? (Confirm with "yes".)

........# #<# #.# #.#
.#######.##
..........#
.#######..############
#.............##.
#.......@s.......
#..##########.##. #..#
#..# #..# #..# #..#


You could see a giant cockroach.

Vanquished Creatures
  A leopard gecko (D:1)
  2 goblins (D:1)
  3 hobgoblins (D:1)
  2 jackals (D:2)
  2 kobolds (D:1)
  A frilled lizard (D:1)
  4 rats (D:1)
15 creatures vanquished.

Notes
Turn   | Place    | Note
-------+----------+-------------------------------------------
     0 | D:1      | tidbits the Felid Enchanter began the quest for the Orb.
     0 | D:1      | Reached XP level 1. HP: 7/7 MP: 4/4
   251 | D:1      | Reached XP level 2. HP: 6/11 MP: 3/6
   256 | D:1      | HP: 2/11 [leopard gecko (4)]
   262 | D:1      | Gained mutation: You expend magic power (3 MP) to strengthen your wands. [potion of mutation]
   262 | D:1      | Gained mutation: You are agile. (Dex +2) [potion of mutation]
   262 | D:1      | Gained mutation: You are resistant to electric shocks. (rElec) [potion of mutation]
   266 | D:1      | Learned a level 2 spell: Ensorcelled Hibernation
   290 | D:1      | Lost mutation: You are resistant to electric shocks. (rElec) [potion of mutation]
   290 | D:1      | Lost mutation: You expend magic power (3 MP) to strengthen your wands. [potion of mutation]
   290 | D:1      | Gained mutation: Your magical capacity is low. (-10% MP) [potion of mutation]
   290 | D:1      | Gained mutation: Your skin changes colour to match your surroundings (Stealth+). [potion of mutation]
   495 | D:2      | Quit the game

Action                   || total
-------------------------++-------
Melee: Unarmed           ||    30
       Bite              ||     4
 Cast: Corona            ||     9
       Ensorcelled Hiber ||     4
  Use: Potion            ||     3
 Stab: Sleeping          ||     9
  Eat: Chunk             ||     5
Armor: Skin              ||     1
Dodge: Dodged            ||    14

Table legend:
 A = Turns spent in this place as a percentage of turns spent in the entire game.
 B = Non-inter-level travel turns spent in this place as a percentage of non-inter-level travel turns spent in the entire game.
 C = Inter-level travel turns spent in this place as a percentage of turns spent in this place.
 D = Turns resting spent in this place as a percentage of non-inter-level travel turns spent in this place.
 E = Turns spent auto-exploring this place as a percentage of non-inter-level travel turns spent in this place.
 F = Non-inter-level travel turns spent in this place divided by the number of levels of this place that you've seen.
                   A       B       C       D       E      F
               +-------+-------+-------+-------+-------+----------------------
         Total | 100.0 | 100.0 |   2.2 |   0.0 |   0.0 | 242.0
       Dungeon | 100.0 | 100.0 |   2.2 |   0.0 |   0.0 | 242.0
               +-------+-------+-------+-------+-------+----------------------

Table legend:
 A = Kills in this place as a percentage of kills in entire the game.
 B = Kills by you in this place as a percentage of kills by you in the entire game.
 C = Kills by friends in this place as a percentage of kills by friends in the entire game.
 D = Other kills in this place as a percentage of other kills in the entire game.
 E = Experience gained in this place as a percentage of experience gained in the entire game.
 F = Experience gained in this place divided by the number of levels of this place that you have seen.
                   A       B       C       D       E      F
               +-------+-------+-------+-------+-------+----------------------
         Total | 100.0 | 100.0 |   N/A |   N/A | 100.0 |  13.0
       Dungeon | 100.0 | 100.0 |   N/A |   N/A | 100.0 |  13.0
               +-------+-------+-------+-------+-------+----------------------

Vault maps used:
D:1:      dpeg_arrival_long_road, minmay_hedge_maze, minmay_distorted
